 Dungeon Crawl Stone Soup version 0.31-a0-369-g8eba5f6939 (webtiles) character file.

Game seed: 12147040724701572043

235 RepHenryClay the Conjurer (level 5, -2/28 HPs)
             Began as a Deep Elf Conjurer on July 29, 2023.
             Was an Initiate of Sif Muna.
             Slain by a sleepcap (19 damage)
             ... on level 4 of the Dungeon.
             The game lasted 00:03:37 (2853 turns).

RepHenryClay the Conjurer (Deep Elf Conjurer)       Turns: 2853, Time: 00:03:38

Health: -2/28      AC:  3    Str:  4    XL:     5   Next: 76%
Magic:  8/11       EV:  2    Int: 23    God:    Sif Muna [......]
Gold:   298        SH:  0    Dex: 15    Spells: 7/10 levels left

rFire   . . .        a - +0 dagger (distort)
rCold   . . .        (no shield)
rNeg    . . .        k - +0 robe
rPois   .            (no helmet)
rElec   .            (no cloak)
rCorr   .            (no gloves)
SInv    +            g - +0 pair of boots
Will    .....        i - amulet of magic regeneration
Stlth   ++           p - ring of wizardry
HPRegen 0.24/turn    t - ring of see invisible
MPRegen 0.52/turn

%: wizardry (x1)
@: sleeping
A: no striking features
a: Renounce Religion


You were on level 4 of the Dungeon.
You worshipped Sif Muna.
Sif Muna was noncommittal.
You visited 1 branch of the dungeon, and saw 4 of its levels.

You collected 298 gold pieces.

Inventory:

Hand Weapons
 a - a +0 dagger of distortion (weapon)
Armour
 g - a +0 pair of boots (worn)
 k - a +0 robe (worn)
Jewellery
 i - an amulet of magic regeneration (around neck)
 p - a ring of wizardry (left hand)
 t - a ring of see invisible (right hand)
Wands
 m - a wand of roots (5)
Scrolls
 c - 2 scrolls of immolation {unknown}
 e - 3 scrolls of identify {unknown}
 l - 2 scrolls of blinking {unknown}
 o - a scroll of noise {unknown}
 r - a scroll of acquirement {unknown}
 u - a scroll of fog {unknown}
Potions
 b - a potion of magic
 d - a potion of curing {unknown}
 f - a potion of brilliance {unknown}
 h - a potion of experience {unknown}
 j - 2 potions of lignification {unknown}
 n - 3 potions of degeneration {unknown}
 q - 2 potions of might {unknown}
 s - a potion of invisibility {unknown}


   Skills:
 - Level 2.4 Dodging
 - Level 2.4 Stealth
 - Level 3.0 Spellcasting
 + Level 7.8 Conjurations


You had 7 spell levels left.
You knew the following spells:

 Your Spells              Type           Power      Damage    Failure   Level
a - Magic Dart            Conj           100%       1d8       1%          1
b - Searing Ray           Conj           78%        2d7       1%          2

Your spell library contained the following spells:

 Spells                   Type           Power      Damage    Failure   Level
 Dazzling Flash           Conj/Hex       42%        N/A       2%          3
 Fulminant Prism          Conj/Hex       10%        3d8       9%          4
 Iskenderun's Mystic Bla  Conj/Tloc      21%        2d6       9%          4


Dungeon Overview and Level Annotations

Branches:
Dungeon (4/15)             Temple (0/1) D:4

Altars:
Cheibriados
Qazlal
Sif Muna

Shops:
D:2 [

Annotations:
D:3 2 transporters
D:4 3 runed translucent doors


Message History

Casting: Searing Ray (safe; 1% risk of failure)
Confirm with . or Enter, or press ? or * to list all spells.
Aiming: Magic Dart (safe; 1% risk of failure)
Press: ? - help, Shift-Dir - straight line, f - hobgoblin
Aim: a hobgoblin (lightly wounded, 100% to hit)
The magic dart hits the hobgoblin.
You kill the hobgoblin!
Sif Muna accepts your kill.
Casting: Magic Dart (safe; 1% risk of failure)
Confirm with . or Enter, or press ? or * to list all spells.
You can't see any susceptible monsters within range! (Use Z to cast anyway.)
u - a scroll labelled KESOLO HUHODAG A sleepcap comes into view.
Found a stone staircase leading down.
A sleepcap is nearby!
Casting: Magic Dart (safe; 1% risk of failure)
Confirm with . or Enter, or press ? or * to list all spells.
Aiming: Searing Ray (safe; 1% risk of failure)
Press: ? - help, Shift-Dir - straight line, f - sleepcap
Aim: a sleepcap (100% to hit)
The searing ray hits the sleepcap.
The sleepcap is lightly damaged. (Press . to maintain the ray.)
The searing ray hits the sleepcap.
The sleepcap is moderately damaged.
The sleepcap barely misses you.
Unknown command.
The searing ray hits the sleepcap.
The sleepcap is heavily damaged.
The sleepcap releases spores at you.
Damage: -17%(-5hp) hp: 83%(23hp)
The searing ray hits the sleepcap!
The sleepcap is severely damaged.
You finish channelling your searing ray.
The sleepcap releases spores at you.
You are engulfed in a cloud of soporific spores!
You fall asleep.
The sleepcap releases spores at you!!
Ouch! That really hurt!
You die...

# ###.####
#..>.f.# ##@# #
#..# ##.#..#.##
..#.###.########
##.# ##........
###.#.###.####....
#......#.## #
.#.#.#[## #.....#


You could see a sleepcap.

Vanquished Creatures
  An ice beast (D:4)
  A sleepcap (D:4)
  Terence (D:3)
  A gnoll (D:3)
  An adder (D:2)
  A worm (D:3)
  A dart slug (D:1)
  4 orcs
  6 ball pythons
  8 endoplasms
  5 giant cockroaches
  A goblin (D:3)
  3 hobgoblins
  8 kobolds
  3 quokkas
  5 bats
  3 frilled lizards
  3 rats
56 creatures vanquished.

Notes
Turn   | Place    | Note
-------+----------+-------------------------------------------
     0 | D:1      | RepHenryClay the Deep Elf Conjurer began the quest for the
                  | Orb.
     0 | D:1      | Reached XP level 1. HP: 10/10 MP: 6/6
   168 | D:1      | Found a faded altar of an unknown god.
   446 | D:1      | Reached XP level 2. HP: 15/15 MP: 5/8
   484 | D:1      | Reached skill level 5 in Conjurations
  1395 | D:2      | Found Nihepem's Antique Armour Boutique.
  1418 | D:2      | Reached XP level 3. HP: 19/19 MP: 7/9
  1860 | D:3      | Found a transporter.
  1860 | D:3      | Found a transporter.
  1927 | D:3      | Found a shimmering blue altar of Sif Muna.
  1954 | D:3      | Became a worshipper of Sif Muna the Loreminder
  2063 | D:3      | Found a snail-covered altar of Cheibriados.
  2100 | D:3      | Reached skill level 6 in Conjurations
  2116 | D:2      | Learned a level 2 spell: Searing Ray
  2212 | D:3      | Noticed Terence
  2215 | D:3      | Killed Terence
  2216 | D:3      | Reached XP level 4. HP: 24/24 MP: 6/10
  2443 | D:3      | Found a stormy altar of Qazlal.
  2445 | D:3      | Noticed an air elemental
  2446 | D:3      | Noticed a fire elemental
  2446 | D:3      | Noticed a water elemental
  2446 | D:3      | Noticed an earth elemental
  2739 | D:4      | Found a runed translucent gate.
  2741 | D:4      | Found a runed translucent gate.
  2741 | D:4      | Found a runed translucent gate.
  2741 | D:4      | Found a staircase to the Ecumenical Temple.
  2742 | D:4      | Noticed an ice beast
  2760 | D:4      | Killed an ice beast
  2761 | D:4      | Reached skill level 7 in Conjurations
  2761 | D:4      | Reached XP level 5. HP: 11/28 MP: 3/11
  2853 | D:4      | Slain by a sleepcap

Illustrated notes

Levels and vault maps discovered:
D:1:      eino_arrival_cavern_a, layout_basic, ebering_ecumenical_altar_hall
D:2:      layout_basic, serial_shops, nicolae_shop_statue_plus
D:3:      minmay_inner_zag, layout_loops_ring, nicolae_qazlal_style_of_elements,
          amcnicky_altar_gilded, mainiacjoe_overflow_small_starburst,
          gammafunk_ghost_gnarly_gnolls, uniq_terence
D:4:      layout_loops_ring, mainiacjoe_overflow_tiny_flanked,
          minmay_temple_entry_large_hall, gammafunk_ghost_necromancy,
          minmay_liquid_box, minmay_snake_closets

Skill      XL: |  1  2  3  4 |
---------------+-------------+-----
Conjurations   | 5 6 7 |  7.8
Dodging        | |  2.4
Stealth        | |  2.4
Spellcasting   | |  3.0

Action                     |  1- 3 |  4- 6 || total
---------------------------+-------+-------++-------
  Melee: Dagger            |    20 |    20 ||    40
         Punch             |     1 |       ||     1
   Cast: Magic Dart        |    61 |    26 ||    87
         Searing Ray       |     1 |     4 ||     5
   Stab: Sleeping          |     2 |     1 ||     3
 Armour: Robe              |     5 |     6 ||    11
  Dodge: Dodged            |    13 |    11 ||    24

Table legend: (Time is in decaauts)
 A = Elapsed time spent in this place.
 B = Non-inter-level travel time spent in this place.
 C = Inter-level travel time spent in this place.
 D = Time resting spent in this place.
 E = Time spent auto-exploring this place.
 F = Levels seen in this place.
 G = Mean time per level.
                   A        B        C        D        E       F      G
               +--------+--------+--------+--------+--------+-----+--------+
         Total |   2851 |   2696 |    155 |     24 |   2309 |   4 |  712.8 |
       Dungeon |   2851 |   2696 |    155 |     24 |   2309 |   4 |  712.8 |
               +--------+--------+--------+--------+--------+-----+--------+

Top non-repeatable levels by time:
     D:1: 1330 daAuts
     D:3: 827 daAuts
     D:2: 552 daAuts
     D:4: 141 daAuts
